 Dungeon Crawl Stone Soup version 0.28.0-53-g5a82cb258f (webtiles) character file.

Game seed: 17232126369214860019

77 kudzoo the Insei (level 4, -1/38 HPs)
             Began as a Gnoll Wanderer on July 14, 2022.
             Slain by a black bear (4 damage)
             ... on level 4 of the Dungeon on July 15, 2022.
             The game lasted 00:32:48 (1536 turns).

kudzoo the Insei (Gnoll Wanderer)                   Turns: 1536, Time: 00:32:49

Health: -1/38      AC:  2    Str:  6    XL:     4   Next: 34%
Magic:  2/8        EV: 11    Int: 13    God:
Gold:   102        SH:  6    Dex: 24    Spells: 8/9 levels left

rFire   . . .      SeeInvis .   a - +5 mace of Saaduikaor {vorpal, rElec rPois Str-3 Dex+4}
rCold   . . .      Faith    .   c - +0 buckler
rNeg    . . .      Spirit   .   d - +0 robe
rPois   +          Reflect  .   (no helmet)
rElec   +          Harm     .   (no cloak)
rCorr   .          Rampage  .   (no gloves)
Will    .....                   (no boots)
Stlth   +++.......              (no amulet)
HPRegen 0.12/turn               t - +6 ring of dexterity
MPRegen 0.11/turn               (no ring)

@: no status effects
A: fangs 1, strong nose, distributed training
a: no special abilities


You were on level 4 of the Dungeon.
You visited 1 branch of the dungeon, and saw 4 of its levels.

You collected 102 gold pieces.

Inventory:

Hand Weapons
 a - the +5 mace of Saaduikaor (weapon) {vorpal, rElec rPois Str-3 Dex+4}
   (You found it on level 4 of the Dungeon)

   It inflicts extra damage upon your enemies.
   Str:       It affects your strength (-3).
   Dex:       It affects your dexterity (+4).
   rElec:     It insulates you from electricity.
   rPois:     It protects you from poison.
 q - a +0 dagger
Missiles
 f - 8 sling bullets
 j - 35 arrows
 o - 122 stones (quivered)
Armour
 c - a +0 buckler (worn)
 d - a +0 robe (worn)
 i - a +0 leather armour
 p - a +0 ring mail
Magical Staves
 b - a staff of earth
Jewellery
 t - a +6 ring of dexterity (left hand)
Wands
 g - a wand of paralysis (6)
Scrolls
 h - a scroll of fear {unknown}
 k - 2 scrolls of teleportation {unknown}
 m - a scroll of magic mapping {unknown}
 n - a scroll of enchant armour {unknown}
 r - a scroll of immolation {unknown}
Potions
 e - a potion of ambrosia
 l - a potion of degeneration
 s - a potion of curing


   Skills:
 + Level 4.6 Fighting
 + Level 1.1 Short Blades
 + Level 1.1 Long Blades
 + Level 1.1 Axes
 + Level 1.1 Maces & Flails
 + Level 1.1 Polearms
 + Level 1.1 Staves
 + Level 1.1 Slings
 + Level 1.1 Bows
 + Level 1.1 Crossbows
 + Level 2.7 Throwing
 + Level 1.1 Armour
 + Level 1.1 Dodging
 + Level 2.5 Stealth
 + Level 2.7 Shields
 + Level 4.6 Unarmed Combat
 + Level 3.0 Spellcasting
 + Level 0.8 Conjurations
 + Level 0.8 Hexes
 + Level 0.8 Summonings
 + Level 0.8 Necromancy
 + Level 0.8 Translocations
 + Level 0.8 Transmutations
 + Level 0.8 Fire Magic
 + Level 3.8 Ice Magic
 + Level 0.8 Air Magic
 + Level 0.8 Earth Magic
 + Level 0.8 Poison Magic
 + Level 1.2 Invocations
 + Level 1.1 Evocations


You had 8 spell levels left.
You knew the following spells:

 Your Spells              Type           Power      Damage    Failure   Level
a - Freeze                Ice            44%        1d6       6%          1

Your spell library contained the following spells:

 Spells                   Type           Power      Damage    Failure   Level
 Frozen Ramparts          Ice            22%        1d4       19%         3


Dungeon Overview and Level Annotations

Branches:
Dungeon (4/15)
 Temple: D:4-7

Altars:
Makhleb
Xom
Zin
The Shining One


Innate Abilities, Weirdness & Mutations

You have very sharp teeth.
Your uncanny sense of smell can sniff out nearby items.
Your experience applies equally to all skills.


Message History

You block the black bear's attack.
Casting: Freeze (safe; 6% risk of failure)
Confirm with . or Enter, or press ? or * to list all spells.
Aiming: Freeze (safe; 6% risk of failure)
Press: ? - help, Shift-Dir - straight line, f/p - black bear
Aim: a black bear (moderately wounded)
You freeze the black bear.
The black bear is heavily wounded.
The black bear barely misses you. The black bear claws you.
The black bear barely misses you.
Casting: Freeze (safe; 6% risk of failure)
Confirm with . or Enter, or press ? or * to list all spells.
Aiming: Freeze (safe; 6% risk of failure)
Press: ? - help, Shift-Dir - straight line, f/p - black bear
Aim: a black bear (heavily wounded)
You freeze the black bear.
The black bear is severely wounded.
The black bear bites you. The black bear barely misses you.
The black bear misses you.
Casting: Freeze (safe; 6% risk of failure)
Confirm with . or Enter, or press ? or * to list all spells.
Aiming: Freeze (safe; 6% risk of failure)
Press: ? - help, Shift-Dir - straight line, f/p - black bear
Aim: a black bear (severely wounded)
You freeze the black bear.
The black bear is almost dead.
The black bear goes berserk!
Casting: Freeze (safe; 6% risk of failure)
Confirm with . or Enter, or press ? or * to list all spells.
Aiming: Freeze (safe; 6% risk of failure)
Press: ? - help, Shift-Dir - straight line, f/p - black bear
Aim: a black bear (severely wounded, berserk)
You freeze the black bear.
The black bear is almost dead.
The black bear barely misses you.
The black bear claws you but does no damage.
You block the black bear's attack. The black bear bites you!
* * * LOW HITPOINT WARNING * * *
You block the black bear's attack. The black bear claws you.
You die...

..#........+.....#
..#........#.....#
..#........#.....#
..#........#.....#
..#..#####..###+###
..#### #........#
...#.# #P.......#
####.# +........#
..##.# #P.....@.#
.....# ∆#.......h#
.....#####........#
........#.........#
........###########
.................#
..##....##.......#
..########.......#
.........#.......#


You could see a black bear (berserk).

Vanquished Creatures
  A gnoll (D:3)
  4 adders
  A dart slug (D:1)
  3 ball pythons
  3 bats (D:3)
  An endoplasm (D:3)
  2 giant cockroaches
  5 goblins
  A hobgoblin (D:2)
  3 kobolds
  A quokka (D:1)
  4 frilled lizards
  2 rats (D:3)
31 creatures vanquished.

Notes
Turn   | Place    | Note
-------+----------+-------------------------------------------
     0 | D:1      | kudzoo the Gnoll Wanderer began the quest for the Orb.
     0 | D:1      | kudzoo set off with the following items: a +0 dagger, a
                  | potion of might, a +0 buckler, a +0 robe, a potion of heal
                  | wounds; and the following spell memorised: Freeze; and the
                  | following spells available to memorise: Frozen Ramparts
     0 | D:1      | Reached XP level 1. HP: 20/20 MP: 4/4
   217 | D:1      | You fall into a shaft and drop 1 floor!
   233 | D:2      | Reached XP level 2. HP: 22/26 MP: 3/5
   295 | D:2      | Reached XP level 3. HP: 19/31 MP: 2/7
   614 | D:3      | Reached skill level 1 in Invocations
   861 | D:3      | Reached skill level 1 in Short Blades
   861 | D:3      | Reached skill level 1 in Long Blades
   861 | D:3      | Reached skill level 1 in Axes
   861 | D:3      | Reached skill level 1 in Maces & Flails
   861 | D:3      | Reached skill level 1 in Polearms
   861 | D:3      | Reached skill level 1 in Staves
   861 | D:3      | Reached skill level 1 in Slings
   861 | D:3      | Reached skill level 1 in Bows
   861 | D:3      | Reached skill level 1 in Crossbows
   861 | D:3      | Reached skill level 1 in Armour
   861 | D:3      | Reached skill level 1 in Dodging
   861 | D:3      | Reached skill level 1 in Evocations
   884 | D:2      | Reached XP level 4. HP: 13/38 MP: 4/8
   968 | D:3      | Found a glowing golden altar of the Shining One.
  1021 | D:4      | Identified the +5 mace of Saaduikaor {vorpal, rElec rPois
                  | Str-3 Dex+4}
  1152 | D:3      | Found a burning altar of Makhleb.
  1182 | D:4      | Noticed an angel
  1182 | D:4      | Found a glowing silver altar of Zin.
  1182 | D:4      | Found a shimmering altar of Xom.
  1522 | D:4      | Noticed a black bear
  1536 | D:4      | Slain by a black bear

Illustrated notes

Levels and vault maps discovered:
D:1:      co_arrival_square_in_a_square_in_a_square, layout_basic,
          hellmonk_ecumenical_altar_inner_sanctum
D:2:      layout_loops_cross, minmay_split_cup_small
D:3:      layout_basic, mainiacjoe_overflow_boulevard,
          mainiacjoe_overflow_tiny_flanked
D:4:      layout_gridville, grunt_temple_overflow_order_and_chaos_1,
          cheibrodos_gnoll_hut

Skill      XL: |  1  2  3  4 |
---------------+-------------+-----
Invocations    | 1 |  1.2
Short Blades   | 1 |  1.1
Long Blades    | 1 |  1.1
Axes           | 1 |  1.1
Maces & Flails | 1 |  1.1
Polearms       | 1 |  1.1
Staves         | 1 |  1.1
Slings         | 1 |  1.1
Bows           | 1 |  1.1
Crossbows      | 1 |  1.1
Armour         | 1 |  1.1
Dodging        | 1 |  1.1
Evocations     | 1 |  1.1
Spellcasting   | 3 |  3.0
Fighting       | |  4.6
Throwing       | |  2.7
Stealth        | |  2.5
Shields        | |  2.7
Unarmed Combat | |  4.6
Conjurations   | |  0.8
Hexes          | |  0.8
Summonings     | |  0.8
Necromancy     | |  0.8
Translocations | |  0.8
Transmutations | |  0.8
Fire Magic     | |  0.8
Ice Magic      | |  3.8
Air Magic      | |  0.8
Earth Magic    | |  0.8
Poison Magic   | |  0.8

Action                   |  1- 3 |  4- 6 || total
-------------------------+-------+-------++-------
Melee: Dagger            |   101 |    10 ||   111
       Bite              |     9 |     1 ||    10
       Mace              |       |    10 ||    10
Throw: Stone             |       |     4 ||     4
 Cast: Freeze            |    21 |    12 ||    33
Evoke: Wand              |       |     1 ||     1
  Use: Scroll            |       |     3 ||     3
       Potion            |       |     2 ||     2
 Stab: Sleeping          |     2 |     2 ||     4
Armor: Robe              |    25 |     5 ||    30
Dodge: Dodged            |    88 |    15 ||   103
Block: Buckler           |    18 |    11 ||    29
